 Dungeon Crawl Stone Soup version 0.30-a0-782-ge64f9170bb (webtiles) character file.

Game seed: 7343756265933756470

29306 Angani the Destroyer (level 13, -7/100 HPs)
             Began as a Black Draconian Necromancer on Feb 24, 2023.
             Was the Champion of Cheibriados.
             Mangled by a cane toad (17 damage)
             ... on level 2 of the Lair of Beasts.
             The game lasted 00:36:19 (18833 turns).

Angani the Destroyer (Black Draconian Necromancer) Turns: 18833, Time: 00:36:19

Health: -7/100     AC: 14    Str: 26    XL:     13   Next: 14%
Magic:  1/36       EV: 16    Int: 34    God:    Cheibriados [******]
Gold:   637        SH:  0    Dex: 28    Spells: 12/32 levels left

rFire   + . .      SeeInvis .    M - staff of conjuration
rCold   . . .      Faith    .    I - orb {light}
rNeg    . . .      Spirit   .    (body armour unavailable)
rPois   .          Reflect  .    (helmet restricted)
rElec   +          Harm     .    B - scarf {repulsion}
rCorr   +          Rampage  .    o - +2 pair of gloves
Will    .....                    x - +2 pair of boots
Stlth   ++                       b - amulet of the acrobat
HPRegen 0.36/turn                v - ring of resist corrosion
MPRegen 0.25/turn                s - ring of magical power

@: short of breath, very slightly contaminated, glowing, studying Shields, repel
missiles, very slow
A: breathe lightning, AC +8, unfitting armour, electricity resistance,
cold-blooded, fire resistance 1, wild magic 1
a: Breathe Lightning, Renounce Religion, Bend Time, Temporal Distortion, Slouch,
Step From Time


You were on level 2 of the Lair of Beasts.
You worshipped Cheibriados.
Cheibriados was exalted by your worship.
You visited 2 branches of the dungeon, and saw 15 of its levels.
You also visited: Sewer and Bailey.

You collected 1116 gold pieces.
You spent 479 gold pieces at shops.

Inventory:

Hand Weapons
 w - the +9 hammer "Weotouha" {flame, rC++}
   (You found it on level 7 of the Dungeon)

   rC:        It greatly protects you from cold.
Armour
 o - a +2 pair of gloves (worn)
 x - a +2 pair of boots (worn)
 B - a scarf of repulsion (worn)
 I - an orb of light (worn)
Magical Staves
 p - a staff of death
 M - a staff of conjuration (weapon)
Jewellery
 b - an amulet of the acrobat (around neck)
 s - a ring of magical power (right hand)
 v - a ring of resist corrosion (left hand)
Wands
 e - a wand of flame (15)
 q - a wand of mindburst (4)
 F - a wand of roots (6)
 J - a wand of charming (9)
 L - a wand of polymorph (5)
Scrolls
 d - 4 scrolls of magic mapping
 f - 4 scrolls of teleportation
 j - 8 scrolls of enchant weapon
 k - 7 scrolls of identify
 l - a scroll of butterflies
 n - 3 scrolls of poison
 r - 2 scrolls of fear
 y - 2 scrolls of blinking
 G - 4 scrolls of amnesia
 H - a scroll of silence
Potions
 a - a potion of magic
 c - 15 potions of curing
 g - 4 potions of heal wounds
 h - 4 potions of invisibility
 i - 2 potions of attraction
 m - 2 potions of haste
 t - 2 potions of berserk rage
 u - 4 potions of lignification
 z - a potion of ambrosia
 A - a potion of might
 C - a potion of resistance
 D - 4 potions of mutation
 E - 3 potions of brilliance
 K - a potion of flight


   Skills:
 - Level 5.0 Fighting
 - Level 5.0 Dodging
 - Level 5.0 Stealth
 - Level 10.0 Spellcasting
 - Level 10.0 Conjurations
 - Level 7.0 Necromancy
 - Level 10.0 Transmutations
 + Level 5.1 Fire Magic
 + Level 5.1 Ice Magic
 + Level 6.2 Air Magic
 - Level 5.0 Invocations


You had 12 spell levels left.
You knew the following spells:

 Your Spells              Type           Power      Damage    Failure   Level
a - Necrotise             Necr           100%       1d9       1%          1
b - Vampiric Draining     Necr           71%        2d11      1%          3
c - Irradiate             Conj/Tmut      52%        3d29      2%          5
d - Fireball              Conj/Fire      46%        3d18      5%          5
e - Freezing Cloud        Conj/Ice/Air   45%        6-21      7%          5
f - Apportation           Tloc           44%        N/A       4%          1

Your spell library contained the following spells:

 Spells                   Type           Power      Damage    Failure   Level
 Foxfire                  Conj/Fire      100%       2x1d9     1%          1
 Sublimation of Blood     Necr           71%        N/A       1%          2
 Dazzling Flash           Conj/Hex       100%       N/A       2%          3
 Animate Dead             Necr           71%        N/A       2%          4
 Summon Small Mammal      Summ           88%        N/A       4%          1
 Petrify                  Tmut/Erth      60%        N/A       5%          4
 Lesser Beckoning         Tloc           44%        N/A       7%          2
 Agony                    Necr           71%        N/A       7%          5
 Call Canine Familiar     Summ           22%        N/A       12%         3
 Gell's Gravitas          Tloc           22%        N/A       12%         3
 Summon Guardian Golem    Hex/Summ       22%        N/A       12%         3
 Teleport Other           Tloc           22%        N/A       12%         3
 Yara's Violent Unravell  Hex/Tmut       30%        3d13      14%         5
 Starburst                Conj/Fire      46%        6d13      26%         6
 Silence                  Hex/Air        24%        N/A       28%         5
 Simulacrum               Ice/Necr       33%        N/A       41%         6
 Enfeeble                 Hex            11%        N/A       100%        7
 Polar Vortex             Ice            30%        N/A       100%        9


Dungeon Overview and Level Annotations

Branches:
Dungeon (13/15)            Temple (0/1) D:5            Lair (2/5) D:10
    Orc (0/2) D:11          Sewer (visited)          Bailey (visited)
  Swamp: Lair:2-3    Shoals: Lair:2-3     Snake: Lair:2-3    Spider: Lair:2-3
 Vaults: D:13-14

Altars:
Cheibriados
Elyvilon
Hepliaklqana
Kikubaaqudgha
Makhleb
Nemelex Xobeh
Ru
Sif Muna
Vehumet
Xom
Zin

Shops:
D:7 [   D:9 **[(   D:13 ([([

Annotations:
D:11 1 runed translucent door, t4s4d4r's ghost, journeyman DjEE


Innate Abilities, Weirdness & Mutations

You can breathe wild blasts of lightning.
Your glossy black scales are hard. (AC +8)
You cannot fit into any form of body armour.
You are resistant to electric shocks. (rElec)
You are cold-blooded and may be slowed by cold attacks.
Your flesh is heat resistant. (rF+)
Your spells are a little harder to cast, but a little more powerful.


Message History

The wolf completely misses you. The wolf misses you. The wolf bites you!
* * * LOW HITPOINT WARNING * * *
The wolf completely misses you. The wolf bites you but does no damage.
The wolf completely misses you. The wolf barely misses you.
The wolf completely misses you. x2; The wolf bites you but does no damage.
Casting: Vampiric Draining (safe; 1% risk of failure)
Confirm with . or Enter, or press ? or * to list all spells.
You feel a surge of power!
You erupt in a fountain of uncontrolled magic!
The wolf is blasted with magical radiation!!!
You kill the wolf!
Cheibriados thoroughly appreciates the change of pace.
The wolf is blasted with magical radiation!!!
You kill the wolf!
Cheibriados thoroughly appreciates the change of pace.
The wolf is blasted with magical radiation!
You kill the wolf!
Cheibriados thoroughly appreciates the change of pace.
The wolf is blasted with magical radiation!!
You kill the wolf!
Cheibriados thoroughly appreciates the change of pace.
The wolf closely misses you.
Unknown command.
Unknown command.
Activating: Breathe Lightning (2% risk of failure)
Press: ? - help, Dir - look around, f - activate You breathe a wild blast of lightning!
The orb of electricity explodes!
The bolt of lightning misses you.
The orb of electricity explodes!
The orb of electricity engulfs the cane toad!!
The cane toad is severely wounded.
The orb of electricity engulfs you! You resist.
* * * LOW HITPOINT WARNING * * *
The orb of electricity engulfs the wolf!
The wolf is severely wounded.
You hear a howl!
The wolf bites you.
* * * LOW HITPOINT WARNING * * *
The cane toad closely misses you. The wolf bites you but does no damage.
The cane toad stings you!
You die...

... ... .. .†. ..#
....#†##..#
...F.†††.# #..# ###
### #..##
#.####.#####...#
#..........†hF##
...###.#.##.###†@##
#..##P.#######...#
#...##.# #...#
#..###.# ##..#
...##..########.##
...##...........#
.......#######.##
>......# ##
..P..###


You could see a cane toad and a wolf.

Vanquished Creatures
  A hydra (Lair:2)
  2 boulder beetles (D:12)
  3 two-headed ogres
  Lodul (D:11)
  A lindwurm (Lair:1)
  2 ugly things
  A deep elf pyromancer (D:7)
  3 elephants (Lair:2)
  A cyclops (D:11)
  Joseph (D:9)
  A gargoyle (D:7)
  2 cane toads
  2 unseen horrors (D:11)
  A kobold demonologist (D:12)
  3 rime drakes
  2 komodo dragons (Lair:1)
  A polar bear (D:10)
  3 trolls
  A hornet (D:9)
  Grinder (D:6)
  4 blink frogs (Lair:1)
  4 slime creatures (D:12)
  2 wraiths
  2 shadows (D:11)
  A vampire (D:10)
  2 wyverns
  29 yaks
  Eustachio (D:5)
  2 steam dragons
  Menkaure (D:7)
  3 water moccasins
  2 acid dragons
  3 ice beasts
  23 orc warriors
  A sky beast (D:3)
  2 black bears
  25 wolves
  8 ogres
  18 centaurs
  4 kobold brigands
  7 bullfrogs
  A necrophage (D:6)
  3 scorpions
  A gnoll sergeant (D:5)
  3 wights (D:7)
  14 killer bees
  9 howler monkeys
  Crazy Yiuf (D:7)
  2 hounds (D:4)
  A jelly (D:6)
  10 orc priests
  5 iguanas
  6 orc wizards
  4 gnolls (D:5)
  12 adders
  A shadow imp (D:5)
  2 white imps (D:6)
  A worm (D:2)
  2 dart slugs (D:4)
  70 orcs
  14 endoplasms
  10 giant cockroaches
  8 goblins
  6 hobgoblins
  A jackal (D:1)
  14 quokkas
  13 ball pythons
  3 bats
  10 frilled lizards
  21 kobolds
  5 rats
430 creatures vanquished.

Vanquished Creatures (collateral kills)
  A yak (D:9)
  2 orcs
  A ball python (Sewer)
  An endoplasm (Sewer)
  A giant cockroach (Sewer)
  A hobgoblin (D:3)
  A jackal (D:1)
  3 kobolds (D:7)
  2 quokkas
  A bat (D:3)
  A frilled lizard (Sewer)
15 creatures vanquished.

Vanquished Creatures (others)
  A centaur (Bailey)
  18 fungi
  17 plants
36 creatures vanquished.

Grand Total: 481 creatures vanquished

Notes
Turn   | Place    | Note
-------+----------+-------------------------------------------
     0 | D:1      | Angani the Draconian Necromancer began the quest for the
                  | Orb.
     0 | D:1      | Reached XP level 1. HP: 14/14 MP: 3/3
   237 | D:1      | Reached XP level 2. HP: 13/20 MP: 0/5
  1233 | D:2      | Reached XP level 3. HP: 26/26 MP: 4/7
  1237 | D:2      | Learned a level 3 spell: Vampiric Draining
  2054 | D:3      | Noticed a sky beast
  2136 | D:3      | Killed a sky beast
  2137 | D:3      | Reached skill level 1 in Conjurations
  2137 | D:3      | Reached skill level 5 in Necromancy
  2137 | D:3      | Reached skill level 1 in Transmutations
  2137 | D:3      | Reached XP level 4. HP: 16/33 MP: 1/8
  2137 | D:3      | Reached XP level 5. HP: 19/38 MP: 1/9
  2145 | D:3      | Gained mutation: Your flesh is heat resistant. (rF+)
                  | [potion of mutation]
  2145 | D:3      | Gained mutation: Your spells are a little harder to cast,
                  | but a little more powerful. [potion of mutation]
  2238 | D:3      | Found a faded altar of an unknown god.
  2307 | D:3      | Learned a level 5 spell: Irradiate
  3140 | D:3      | Reached XP level 6. HP: 44/45 MP: 4/11
  3230 | D:4      | Noticed an ice beast
  3237 | D:4      | Killed an ice beast
  3404 | D:4      | Found a glowing drain.
  3408 | Sewer    | Entered a sewer
  4070 | Sewer    | Your scales start taking on a glossy black colour.
  4070 | Sewer    | Reached XP level 7. HP: 43/50 MP: 3/13
  4070 | Sewer    | Gained mutation: You are resistant to electric shocks.
                  | (rElec) [Black Draconian growth]
  5266 | D:5      | Entered Level 5 of the Dungeon
  5309 | D:5      | Found a snail-covered altar of Cheibriados.
  5318 | D:5      | Became a worshipper of Cheibriados the Contemplative
  5350 | D:5      | Found a staircase to the Ecumenical Temple.
  5566 | D:5      | Noticed Eustachio
  5630 | D:5      | Reached XP level 8. HP: 45/57 MP: 15/15
  5701 | D:5      | Killed Eustachio
  5702 | D:5      | Reached skill level 5 in Spellcasting
  6034 | D:5      | Found a glowing silver altar of Zin.
  6470 | D:6      | Reached * piety under Cheibriados
  6542 | D:6      | Noticed Grinder
  6551 | D:6      | Reached skill level 5 in Conjurations
  6566 | D:6      | Killed Grinder
  6567 | D:6      | Reached skill level 5 in Transmutations
  7279 | D:6      | Reached XP level 9. HP: 42/62 MP: 2/18
  7473 | D:6      | Found a hazy altar of Hepliaklqana.
  8077 | D:7      | Identified the +9 hammer "Weotouha" {flame, rC++}
  8085 | D:7      | Found a runed translucent door.
  8086 | D:7      | Noticed Crazy Yiuf
  8312 | D:7      | Found Afuzan Mong's Antique Armour Boutique.
  8330 | D:7      | Bought a pair of runed boots for 187 gold pieces
  8394 | D:7      | Found a radiant altar of Vehumet.
  8414 | D:7      | Noticed a gargoyle
  8546 | D:8      | Reached ** piety under Cheibriados
  9224 | D:8      | Found a shimmering blue altar of Sif Muna.
  9930 | D:7      | Reached *** piety under Cheibriados
 10060 | D:7      | Found a sparkling altar of Nemelex Xobeh.
 10070 | D:7      | Noticed Menkaure
 10075 | D:7      | Killed Menkaure
 10138 | D:7      | Noticed a deep elf pyromancer
 10156 | D:7      | Killed a deep elf pyromancer
 10172 | D:7      | Reached XP level 10. HP: 58/69 MP: 5/21
 10315 | D:7      | Found an ancient bone altar of Kikubaaqudgha.
 10316 | D:7      | Killed a gargoyle
 10371 | D:7      | Found a white marble altar of Elyvilon.
 10958 | D:7      | Killed Crazy Yiuf
 11104 | D:9      | Found Disseihi's General Store.
 11107 | D:9      | Bought a scroll of blinking for 97 gold pieces
 11270 | D:9      | Found a burning altar of Makhleb.
 11377 | D:9      | Found Butyse Fime's Armour Shoppe.
 11417 | D:9      | Bought a scarf of repulsion for 156 gold pieces
 11417 | D:9      | Bought a potion of lignification for 39 gold pieces
 11501 | D:9      | Reached **** piety under Cheibriados
 11560 | D:9      | Noticed Joseph
 11572 | D:9      | Killed Joseph
 11667 | D:9      | Found Pupt's General Store.
 12113 | D:9      | Reached ***** piety under Cheibriados
 12116 | D:9      | Reached XP level 11. HP: 52/74 MP: 21/24
 12264 | D:9      | Found Qolaow's Weapon Boutique.
 12668 | D:10     | Entered Level 10 of the Dungeon
 12733 | D:10     | Found a flagged portal.
 12741 | Bailey   | Entered a bailey
 13899 | D:10     | Reached skill level 10 in Conjurations
 13979 | D:10     | Found a sacrificial altar of Ru.
 14021 | D:10     | Noticed a two-headed ogre
 14031 | D:10     | Killed a two-headed ogre
 14032 | D:10     | Reached skill level 10 in Spellcasting
 14032 | D:10     | Reached skill level 10 in Transmutations
 14140 | D:10     | Found a shimmering altar of Xom.
 14141 | D:10     | Noticed a two-headed ogre
 14149 | D:10     | Killed a two-headed ogre
 14150 | D:10     | Reached skill level 1 in Fighting
 14150 | D:10     | Reached skill level 1 in Invocations
 14585 | D:10     | Found a staircase to the Lair.
 14981 | D:11     | You fall into a shaft and drop 2 floors!
 14988 | D:13     | Found Sirijiar's Weapon Shoppe.
 14988 | D:13     | Found Jintas Avvy's Armour Shoppe.
 15000 | D:13     | Noticed a brown ugly thing
 15009 | D:13     | Killed a green ugly thing
 15079 | D:13     | Found Maluunih's Weapon Shoppe.
 15088 | D:13     | Found Weap's Armour Shoppe.
 15169 | D:12     | Reached ****** piety under Cheibriados
 15185 | D:12     | Noticed a sixfirhy
 15222 | D:12     | Noticed a boulder beetle
 15273 | D:12     | Killed a boulder beetle
 15274 | D:12     | Reached XP level 12. HP: 56/89 MP: 18/26
 15590 | D:12     | Noticed a boulder beetle
 15598 | D:12     | Killed a boulder beetle
 15796 | D:11     | Learned a level 5 spell: Fireball
 15802 | D:11     | Learned a level 5 spell: Freezing Cloud
 15809 | D:11     | Found a runed translucent door.
 15809 | D:11     | Noticed t4s4d4r's ghost (journeyman DjEE)
 16010 | D:11     | Reached skill level 1 in Fire Magic
 16010 | D:11     | Reached skill level 1 in Ice Magic
 16010 | D:11     | Reached skill level 1 in Air Magic
 16276 | D:11     | Noticed a two-headed ogre
 16281 | D:11     | Killed a two-headed ogre
 16452 | D:11     | Noticed Lodul
 16475 | D:11     | Killed Lodul
 16476 | D:11     | Reached skill level 5 in Fighting
 16476 | D:11     | Reached skill level 5 in Stealth
 16849 | D:11     | Reached skill level 5 in Invocations
 17100 | D:11     | Found a staircase to the Orcish Mines.
 17205 | Lair:1   | Entered Level 1 of the Lair of Beasts
 17445 | Lair:1   | Reached skill level 5 in Dodging
 17903 | Lair:1   | Reached skill level 5 in Air Magic
 18628 | Lair:2   | Reached XP level 13. HP: 70/100 MP: 27/27
 18750 | Lair:2   | Learned a level 1 spell: Apportation
 18813 | Lair:2   | Reached skill level 5 in Ice Magic
 18820 | Lair:2   | Reached skill level 5 in Fire Magic
 18833 | Lair:2   | Mangled by a cane toad

Illustrated notes

Levels and vault maps discovered:
D:1:      elethiomel_arrival_infinity_welcomes_careful_drivers,
          layout_loops_cross
D:2:      layout_loops_ring
D:3:      minmay_spotlight, layout_rooms, shapermc_ecumenical_altar_mp_highgroup
D:4:      layout_loops_corners, gup_sewer_entry_bowl
D:5:      layout_loops_cross, cheibriados_altar_1, zin_scriptorium,
          minmay_temple_entry_trees, uniq_eustachio
D:6:      layout_basic, kennysheep_mini, minmay_fire_ice_demons, uniq_grinder
D:7:      layout_layer_cave, vehumet_altar_wand_db, elyvilon_altar_1,
          serial_shops, shop, hangedman_feature_mirror, uniq_crazy_yiuf_cottage,
          uniq_menkaure
D:8:      layout_basic, mainiacjoe_overflow_surrounded_room,
          nicolae_nh_ransacked_shop
D:9:      layout_gridville, mainiacjoe_overflow_24_doors, serial_shops, shop,
          shop_statue, nicolae_shop_stone, nicolae_stop_n_shop_2,
          grunt_ministairs_3, uniq_joseph
D:10:     layout_loops_corners, mainiacjoe_overflow_catch_the_wave,
          hellmonk_lair_entry_icy, enter_bailey_2,
          chequers_serial_rivers_small_a, mrwooster_statue_mirror
D:11:     layout_stronghold, david_orc_4, gammafunk_ghost_grave, uniq_lodul
D:12:     layout_basic, lightli_fourway_metalbox
D:13:     layout_irregular_city, minmay_shop_grid_forest
Lair:1:   layout_regular_city, minivault_11, beast_lair_carwin_9
Lair:2:   layout_loops_ring, nicolae_snake_entry_squirm,
          grunt_forest_large_clearings, infiniplex_staircase_pool_2,
          serial_bayou_shore_b

Skill      XL: |  1  2  3  4  5  6  7  8  9 10 11 12 13 |
---------------+----------------------------------------+-----
Spellcasting   | 3 4 6 7 9 10 | 10.0
Conjurations   | 1 2 3 4 5 7 9 10 | 10.0
Necromancy     | 5 6 7 |  7.0
Transmutations | 1 2 3 5 7 9 10 | 10.0
Fighting       | 3 5 |  5.0
Dodging        | 3 5 |  5.0
Stealth        | 3 5 |  5.0
Invocations    | 3 5 |  5.0
Fire Magic     | 4 5 |  5.1
Ice Magic      | 4 5 |  5.1
Air Magic      | 5 6 |  6.2

Action                     |  1- 3 |  4- 6 |  7- 9 | 10-12 | 13-15 || total
---------------------------+-------+-------+-------+-------+-------++-------
  Melee: Unarmed           |    40 |    35 |     1 |       |       ||    76
         Tailslap          |     4 |     2 |    20 |    38 |     6 ||    70
         Staff             |       |       |   139 |    14 |    17 ||   170
         Punch             |       |       |     1 |     3 |       ||     4
         Mace              |       |       |     5 |   180 |       ||   185
  Throw: Throwing net      |       |       |     1 |       |       ||     1
   Cast: Necrotise         |    63 |   131 |   244 |   178 |       ||   616
         Vampiric Draining |     2 |     2 |    18 |    94 |     2 ||   118
         Irradiate         |       |       |     2 |    34 |     5 ||    41
         Fireball          |       |       |       |    26 |     8 ||    34
         Freezing Cloud    |       |       |       |     1 |       ||     1
Ability: Breathe Lightning |       |       |    18 |     8 |     3 ||    29
  Evoke: Wand              |       |       |     4 |       |       ||     4
    Use: Scroll            |     6 |     4 |    11 |     5 |       ||    26
         Potion            |     5 |     2 |     3 |       |       ||    10
   Stab: Sleeping          |       |       |       |     2 |       ||     2
 Armour: Skin              |    22 |    33 |   148 |   212 |    24 ||   439
  Dodge: Dodged            |    35 |    57 |   297 |   591 |    85 ||  1065
         Repelled          |       |       |       |     5 |       ||     5

Table legend: (Time is in decaauts)
 A = Elapsed time spent in this place.
 B = Non-inter-level travel time spent in this place.
 C = Inter-level travel time spent in this place.
 D = Time resting spent in this place.
 E = Time spent auto-exploring this place.
 F = Levels seen in this place.
 G = Mean time per level.
                   A        B        C        D        E       F      G
               +--------+--------+--------+--------+--------+-----+--------+
         Total |  24066 |  23204 |    862 |   4060 |  14946 |  17 | 1415.6 |
       Dungeon |  19618 |  18783 |    835 |   2860 |  13108 |  13 | 1509.1 |
          Lair |   2384 |   2358 |     26 |    575 |   1563 |   2 | 1192.0 |
         Sewer |    767 |    767 |      0 |    267 |    274 |   1 |  767.0 |
        Bailey |   1296 |   1296 |      0 |    358 |      0 |   1 | 1296.0 |
               +--------+--------+--------+--------+--------+-----+--------+

Top non-repeatable levels by time:
    D:11: 2328 daAuts
     D:9: 2212 daAuts
    D:10: 2203 daAuts
     D:7: 2144 daAuts
     D:8: 2076 daAuts
  Lair:1: 1870 daAuts
     D:6: 1768 daAuts
     D:4: 1528 daAuts
  Bailey: 1296 daAuts
     D:1: 1230 daAuts
     D:5: 1206 daAuts
     D:2: 1083 daAuts
     D:3: 918 daAuts
   Sewer: 767 daAuts
    D:12: 652 daAuts
